 Dungeon Crawl Stone Soup version 0.29.0-4-gdea44cf6ec (webtiles) character file.

Game seed: 1947745705078035780

77 qw the Ruffian (level 4, -1/35 HPs)
             Began as a Ghoul Fire Elementalist on Aug 29, 2022.
             Slain by a gnoll
             ... wielding a +0 club
              (3 damage)
             ... on level 1 of the Dungeon.
             The game lasted 00:01:36 (1916 turns).

qw the Ruffian (Ghoul Fire Elementalist)            Turns: 1916, Time: 00:01:37

Health: -1/35      AC:  8    Str: 13    XL:     4   Next: 34%
Magic:  5/5        EV:  5    Int: 10    God:
Gold:   102        SH:  0    Dex:  9    Spells: 5/6 levels left

rFire   . . .      SeeInvis .     - Unarmed
rCold   + . .      Faith    .   (no shield)
rNeg    + + +      Spirit   .   g - +0 chain mail
rPois   inf        Reflect  .   (no helmet)
rElec   .          Harm     .   (no cloak)
rCorr   .          Rampage  .   (no gloves)
Will    .....                   (no boots)
Stlth   ..........              (no amulet)
HPRegen 0.00/turn               (no ring)
MPRegen 0.09/turn               (no ring)

@: inhibited regen
A: claws 1, cold resistance 1, negative energy resistance 3, inhibited
regeneration, torment resistance 2, devour on kill
a: no special abilities


You were on level 1 of the Dungeon.
You visited 1 branch of the dungeon, and saw 2 of its levels.

You collected 102 gold pieces.


Innate Abilities, Weirdness & Mutations

You are immune to poison.
You have sharp fingernails.
Your flesh is cold resistant. (rC+)
You are immune to negative energy. (rN+++)
You do not regenerate when monsters are visible.
You are immune to unholy pain and torment.
You thrive by killing the living.


   Skills:
 - Level 1.3 Fighting
 - Level 1.7 Dodging
 - Level 2.1 Stealth
 + Level 3.8 Unarmed Combat
 - Level 1.7 Spellcasting
 - Level 0.7 Conjurations
 - Level 2.4 Fire Magic


You had 5 spell levels left.
You knew the following spells:

 Your Spells              Type           Power      Damage    Failure   Level
a - Foxfire               Conj/Fire      16%        2x1d4     99%         1

Your spell library contained the following spells:

 Spells                   Type           Power      Damage    Failure   Level
 Scorch                   Fire           10%        2d5       100%        2
 Conjure Flame            Conj/Fire      4%         6-21      100%        3
 Inner Flame              Hex/Fire       3%         N/A       100%        3
 Flame Wave               Conj/Fire      4%         2d5       100%        4

Inventory:

Armour
 g - a +0 chain mail (worn)
Scrolls
 a - a scroll of enchant armour
Potions
 h - a potion of flight {unknown}
 i - a potion of heal wounds {unknown}

Dungeon Overview and Level Annotations

Branches:
Dungeon (2/15)

Altars:


Message History

There is a stone staircase leading down here.
You start resting.
HP restored.
Done exploring.
1904 ||| READING scroll labelled WOMU TIQENOGH.
As you read the scroll labelled WOMU TIQENOGH, it crumbles to dust.
You hear a loud clanging noise!
It was a scroll of noise.
Done exploring.
1905 ||| READING scroll labelled XOYZ HEDUHEP.
As you read the scroll labelled XOYZ HEDUHEP, it crumbles to dust.
The air around you briefly surges with heat, but it dissipates.
It was a scroll of immolation.
Done exploring.
(D) Dungeon
Where to? (* - list waypoints, Enter - D:2, ? - help)
What level of the Dungeon? (default 1, ? - help)
You climb downwards.
The gnoll hits you with a +0 club. x2
The gnoll barely misses you. x2
There is a stone staircase leading up here.
1908 ||| STAIRDANCE The gnoll hits you with a +0 club. x2
You climb upwards.
There is a stone staircase leading down here.
You barely miss the gnoll. The gnoll hits you with a +0 club!
The gnoll barely misses you.
You closely miss the gnoll. The gnoll barely misses you.
The gnoll hits you but does no damage.
You closely miss the gnoll. The gnoll hits you with a +0 club.
The gnoll hits you but does no damage.
You barely miss the gnoll. You claw the gnoll, but do no damage.
The gnoll barely misses you. The gnoll hits you but does no damage.
You barely miss the gnoll. The gnoll hits you but does no damage.
The gnoll hits you with a +0 club.
You claw the gnoll!
The gnoll is heavily wounded.
You scratch the gnoll.
You kill the gnoll!
The gnoll hits you with a +0 club.
You die...

#...# #.#..###.#
########.#
#......#.#######
.[.....#.##
#...##!#........
.......#..###
#...##.#########
.......'...:### ##.#.##.#
.......####...###..#.##.#
.......# #.#.##...#.##.#
###+#..# #.#..#.g#####.#
###.#..# #.##.)@.......#
.......# #.####.########
.##.##.####.#
#.################
###.##......#
#.#..........%....
....#########
#.#.#############. #####
#.#.# #. #.#.# #. #.#.#
#. #.#.# #.


You could see a gnoll.

Vanquished Creatures
  Jessica (D:2)
  2 gnolls
  An adder (D:2)
  2 dart slugs (D:1)
  2 endoplasms (D:1)
  3 giant cockroaches
  A goblin (D:2)
  2 hobgoblins (D:1)
  A quokka (D:2)
  6 ball pythons
  3 bats
  A frilled lizard (D:2)
  4 kobolds
  A rat (D:1)
30 creatures vanquished.

Notes
Turn   | Place    | Note
-------+----------+-------------------------------------------
     0 | D:1      | qw the Ghoul Fire Elementalist began the quest for the Orb.
     0 | D:1      | Reached XP level 1. HP: 14/14 MP: 2/2
     0 | D:1      | 0 ||| qw: Version: 0.1-a-90-g952f4b7
     0 | D:1      | 0 ||| qw: Game counter: 3848
     0 | D:1      | 0 ||| qw: Always use a shield: true
     0 | D:1      | 0 ||| qw: God list: Okawaru
     0 | D:1      | 0 ||| qw: Allow faded altars: false
     0 | D:1      | 0 ||| qw: Do Orc after D:15 true
     0 | D:1      | 0 ||| qw: Do second Lair branch before Depths: true
     0 | D:1      | 0 ||| qw: Lair rune preference: random
     0 | D:1      | 0 ||| qw: Plans: Normal
     0 | D:1      | 0 ||| PLANNING D:1-11
   250 | D:1      | Reached skill level 1 in Unarmed Combat
   516 | D:1      | 516 ||| Stepping ~*~*~tactically~*~*~ (hiding).
   623 | D:1      | Reached skill level 1 in Fighting
   623 | D:1      | Reached XP level 2. HP: 23/23 MP: 3/3
   964 | D:1      | Found a faded altar of an unknown god.
  1039 | D:1      | Reached skill level 2 in Unarmed Combat
  1347 | D:1      | 1347 ||| UPGRADING to +0 ring mail.
  1357 | D:1      | 1357 ||| DROPPING +0 robe.
  1358 | D:1      | 1358 ||| UPGRADING to +0 chain mail.
  1368 | D:1      | 1368 ||| DROPPING +0 ring mail.
  1369 | D:1      | 1369 ||| READING scroll labelled FEG USTRASICW.
  1370 | D:1      | 1370 ||| READING scroll labelled XUCINL XEKAISA.
  1371 | D:1      | 1371 ||| READING 2 scrolls labelled MOTSOUL TENA.
  1372 | D:1      | 1372 ||| DRINKING 2 bubbling yellow potions.
  1373 | D:1      | 1373 ||| DROPPING potion of magic.
  1374 | D:1      | 1374 ||| DROPPING potion of brilliance.
  1391 | D:2      | Reached XP level 3. HP: 28/28 MP: 4/4
  1570 | D:2      | Noticed Jessica
  1574 | D:2      | 1574 ||| Stepping ~*~*~tactically~*~*~ (hiding).
  1590 | D:2      | Killed Jessica
  1591 | D:2      | Reached skill level 3 in Unarmed Combat
  1591 | D:2      | Reached XP level 4. HP: 14/35 MP: 5/5
  1811 | D:2      | 1811 ||| Stepping ~*~*~tactically~*~*~ (outnumbered).
  1815 | D:2      | 1815 ||| FLEEEEING.
  1816 | D:2      | 1816 ||| FLEEEEING.
  1817 | D:2      | 1817 ||| FLEEEEING.
  1818 | D:2      | 1818 ||| FLEEEEING.
  1819 | D:2      | 1819 ||| FLEEEEING.
  1820 | D:2      | 1820 ||| FLEEEEING.
  1821 | D:2      | 1821 ||| FLEEEEING.
  1822 | D:2      | 1822 ||| FLEEEEING.
  1823 | D:2      | 1823 ||| FLEEEEING.
  1824 | D:2      | 1824 ||| FLEEEEING.
  1825 | D:2      | 1825 ||| FLEEEEING.
  1826 | D:2      | 1826 ||| FLEEEEING.
  1827 | D:2      | 1827 ||| FLEEEEING.
  1828 | D:2      | 1828 ||| FLEEEEING.
  1829 | D:2      | 1829 ||| FLEEEEING.
  1830 | D:2      | 1830 ||| FLEEEEING.
  1831 | D:2      | 1831 ||| FLEEEEING.
  1832 | D:2      | 1832 ||| FLEEEEING.
  1833 | D:2      | 1833 ||| FLEEEEING.
  1834 | D:2      | 1834 ||| FLEEEEING.
  1835 | D:2      | 1835 ||| FLEEEEING.
  1836 | D:2      | 1836 ||| FLEEEEING.
  1837 | D:2      | 1837 ||| FLEEEEING.
  1838 | D:2      | 1838 ||| FLEEEEING.
  1839 | D:2      | 1839 ||| FLEEEEING.
  1840 | D:2      | 1840 ||| FLEEEEING.
  1841 | D:2      | 1841 ||| FLEEEEING.
  1842 | D:2      | 1842 ||| FLEEEEING.
  1843 | D:2      | 1843 ||| FLEEEEING.
  1844 | D:2      | 1844 ||| FLEEEEING.
  1845 | D:2      | 1845 ||| FLEEEEING.
  1846 | D:2      | 1846 ||| FLEEEEING.
  1847 | D:2      | 1847 ||| FLEEEEING.
  1848 | D:2      | 1848 ||| FLEEEEING.
  1849 | D:2      | 1849 ||| FLEEEEING.
  1850 | D:2      | 1850 ||| FLEEEEING.
  1851 | D:2      | 1851 ||| FLEEEEING.
  1852 | D:2      | 1852 ||| FLEEEEING.
  1853 | D:2      | 1853 ||| FLEEEEING.
  1854 | D:2      | 1854 ||| FLEEEEING.
  1855 | D:2      | 1855 ||| FLEEEEING.
  1856 | D:2      | 1856 ||| FLEEEEING.
  1857 | D:2      | 1857 ||| FLEEEEING.
  1858 | D:2      | 1858 ||| STAIRDANCE
  1904 | D:1      | 1904 ||| READING scroll labelled WOMU TIQENOGH.
  1905 | D:1      | 1905 ||| READING scroll labelled XOYZ HEDUHEP.
  1908 | D:2      | 1908 ||| STAIRDANCE
  1912 | D:1      | HP: 7/35 [gnoll/+0 club (3)]
  1914 | D:1      | HP: 2/35 [gnoll/+0 club (5)]
  1916 | D:1      | Slain by a gnoll

Levels and vault maps discovered:
D:1:      minmay_arrival_jagged, layout_basic,
          ebering_ecumenical_altar_sacrificial, minmay_misc_feat_four_crosses
D:2:      layout_basic, basic_altar, uniq_jessica

Skill      XL: |  1  2  3 |
---------------+----------+-----
Unarmed Combat | 1 2 3 |  3.8
Fighting       | 1 |  1.3
Dodging        | |  1.7
Stealth        | |  2.1
Spellcasting   | |  1.7
Conjurations   | |  0.7
Fire Magic     | |  2.4

Action                   |  1- 3 |  4- 6 || total
-------------------------+-------+-------++-------
Melee: Unarmed           |   112 |    11 ||   123
       Punch             |     2 |     1 ||     3
  Use: Scroll            |     3 |     2 ||     5
       Potion            |     1 |       ||     1
 Stab: Sleeping          |     2 |       ||     2
Armor: Robe              |     8 |       ||     8
       Chain mail        |    17 |     5 ||    22
Dodge: Dodged            |    55 |     6 ||    61

Table legend:
 A = Non-vault XP
 B = Vault XP
 C = Vault XP percentage of total XP
 D = Non-vault monster count
 E = Vault monster count
 F = Vault count percentage of total count
                 A         B        C        D         E       F
            +---------+---------+-------+---------+---------+-------
      Total |      88 |      37 |  29.6 |      29 |       1 |   3.3
            +---------+---------+-------+---------+---------+-------
        D:1 |      47 |       0 |   0.0 |      19 |       0 |   0.0
        D:2 |      41 |      37 |  47.4 |      10 |       1 |   9.1
            +---------+---------+-------+---------+---------+-------
